 Dungeon Crawl Stone Soup version 0.29-a0-925-g0a7a3d12f8 (webtiles) character file.

Game seed: 12783411756526508051

2307860 freelancePsychic the Slayer (level 26, 120/241 HPs)
             Began as an Octopode Wanderer on July 29, 2022.
             Was an Initiate of Gozag.
             Escaped with the Orb
             ... and 4 runes on July 30, 2022!
             The game lasted 02:18:02 (67683 turns).

freelancePsychic the Slayer (Octopode Wanderer)    Turns: 67683, Time: 02:18:03

Health: 120/241    AC: 33    Str: 22    XL:     26   Next: 26%
Magic:  39/39      EV: 27    Int: 29    God:    Gozag
Gold:   8078       SH: 36    Dex: 20    Spells: 25/49 levels left

rFire   + + .      SeeInvis .   C - +8 demon blade "Leech" {vamp, Harm Drain rN+}
rCold   + + .      Faith    .   j - +8 tower shield
rNeg    + + .      Spirit   .   z - +1 hat
rPois   ∞          Reflect  +   c - amulet "Fyrhahu" {Reflect rC+ Str+7 SH+5}
rElec   +          Harm     +   l - +6 ring of intelligence
rCorr   +          Rampage  .   t - ring "Caynwuc" {rF+ Int+6 Stlth+}
Will    +....                   p - ring of wizardry
Stlth   +++.......              B - ring of protection from fire
HPRegen 0.50/turn               A - ring of Secrets {rCorr AC+4}
MPRegen 0.26/turn               P - ring of ice
                                g - ring of Temperance {Str+5 Dex+6}
                                y - ring of protection from fire

@: statue-form, gold aura, studying 2 skills, very slow
A: slow and powerful, torment resistance 1, boosted hp, almost no armour,
amphibious, 8 rings, camouflage 1, (gelatinous body 1), (nimble swimmer 1),
tentacles, clumsy 2, frail 1, weak 2
0: Orb of Zot
}: 4/15 runes: decaying, slimy, silver, gossamer
a: End Transformation, Renounce Religion, Potion Petition, Call Merchant, Bribe
Branch


You escaped.
You worshipped Gozag.
Gozag was greatly pleased with you.
You were a living statue of rough stone.
You visited 11 branches of the dungeon, and saw 53 of its levels.
You visited the Abyss 2 times.
You also visited: Bailey, Ice Cave and Volcano.

You collected 24024 gold pieces.
You spent 4437 gold pieces at shops.
You paid 11509 gold pieces to Gozag.

Inventory:

Hand Weapons
 C - the +8 demon blade "Leech" (weapon) {vamp, Harm Drain rN+}
   (You bought it in a shop on level 1 of the Dungeon)

   It heals its wielder for a portion of the damage dealt every time it strikes
   a living foe.
   rN:        It protects you from negative energy.
   Drain:     It drains your maximum health when unequipped.
   Harm:      It increases damage dealt and taken.
Missiles
 E - 6 throwing nets (quivered)
Armour
 j - a +8 tower shield (worn)
 z - a +1 hat (worn)
Jewellery
 a - a +6 ring of intelligence
 c - the amulet "Fyrhahu" (around mantle) {Reflect rC+ Str+7 SH+5}
   (You bought it in a shop on level 2 of the Orcish Mines)

   [amulet of reflection]

   It reflects blocked missile attacks.
   Str:       It affects your strength (+7).
   rC:        It protects you from cold.
   SH:        It affects your SH (+5).
 g - the ring of Temperance (on tentacle) {Str+5 Dex+6}
   (You bought it in a shop on level 2 of the Orcish Mines)

   [ring of dexterity]

   Str:       It affects your strength (+5).
   Dex:       It affects your dexterity (+6).
 k - a ring of protection from cold
 l - a +6 ring of intelligence (left tentacle)
 p - a ring of wizardry (on tentacle)
 t - the ring "Caynwuc" (right tentacle) {rF+ Int+6 Stlth+}
   (You took it off an orc on level 3 of the Dungeon)

   [ring of intelligence]

   Int:       It affects your intelligence (+6).
   rF:        It protects you from fire.
   Stlth:     It makes you more stealthy.
 y - a ring of protection from fire (on tentacle)
 A - the ring of Secrets (on tentacle) {rCorr AC+4}
   (You found it on level 7 of the Dungeon)

   [ring of protection]

   AC:        It affects your AC (+4).
   rCorr:     It protects you from acid and corrosion.
 B - a ring of protection from fire (on tentacle)
 I - a ring of wizardry
 M - a ring of wizardry
 P - a ring of ice (on tentacle)
 U - a +6 ring of intelligence
Wands
 n - a wand of digging (6)
 r - a wand of mindburst (14)
 s - a wand of light (13)
 G - a wand of flame (88)
 J - a wand of charming (58)
Scrolls
 e - 8 scrolls of amnesia
 f - 9 scrolls of noise
 o - 4 scrolls of fear
 w - 8 scrolls of blinking
 F - 10 scrolls of enchant weapon
 L - 5 scrolls of poison
 N - 6 scrolls of silence
 O - 2 scrolls of brand weapon
 Q - a scroll of summoning
 S - 12 scrolls of teleportation {@r4}
 T - 13 scrolls of butterflies
 V - a scroll of magic mapping
 X - 7 scrolls of immolation
Potions
 b - 4 potions of invisibility
 d - 5 potions of attraction
 i - 6 potions of flight
 m - 10 potions of magic
 q - 15 potions of brilliance
 u - 7 potions of mutation
 v - 7 potions of might
 x - 5 potions of resistance
 D - 4 potions of lignification
 K - 4 potions of haste {@q3}
 R - 7 potions of ambrosia
 W - 9 potions of heal wounds {@q2}
 Y - 4 potions of berserk rage
 Z - 14 potions of curing {@q1}
Miscellaneous
 H - a phantom mirror


   Skills:
 + Level 24.0 Fighting
 - Level 2.2(9.3) Short Blades
 - Level 13.9(14.0) Long Blades
 - Level 3.2 Polearms
 + Level 21.4 Dodging
 - Level 15.0 Stealth
 - Level 20.0 Shields
 - Level 2.0 Unarmed Combat
 - Level 12.0 Spellcasting
 - Level 12.0 Transmutations
 - Level 16.4 Ice Magic
 - Level 12.0 Earth Magic
 - Level 1.0 Invocations


You had 25 spell levels left.
You knew the following spells:

 Your Spells              Type           Power      Damage    Failure   Level
a - Ozocubu's Armour      Ice            100%       N/A       0%          3
b - Frozen Ramparts       Ice            100%       1d12      0%          3
c - Ozocubu's Refrigerat  Ice            53%        4d15      2%          7
d - Statue Form           Tmut/Erth      48%        N/A       2%          6
e - Freezing Cloud        Conj/Ice/Air   32%        6-21      8%          5

Your spell library contained the following spells:

 Spells                   Type           Power      Damage    Failure   Level
 Freeze                   Ice            100%       1d11      0%          1
 Beastly Appendage        Tmut           100%       N/A       1%          1
 Sting                    Tmut/Pois      100%       1d8       1%          1
 Ensorcelled Hibernation  Hex/Ice        100%       N/A       1%          2
 Passwall                 Tmut/Erth      60%        N/A       1%          2
 Wereblood                Tmut           72%        N/A       1%          2
 Ignite Poison            Fire/Tmut/Pois 40%        N/A       1%          3
 Spider Form              Tmut/Pois      51%        N/A       1%          3
 Stone Arrow              Conj/Erth      100%       3d13      1%          3
 Hailstorm                Conj/Ice       78%        3d16      1%          4
 Ice Form                 Ice/Tmut       99%        N/A       1%          4
 Summon Ice Beast         Ice/Summ       78%        N/A       1%          4
 Lee's Rapid Deconstruct  Erth           36%        3d19*     1%          5
 Apportation              Tloc           34%        N/A       2%          1
 Foxfire                  Conj/Fire      68%        2x1d7     2%          1
 Magic Dart               Conj           68%        1d6       2%          1
 Necrotise                Necr           68%        1d7       2%          1
 Shock                    Conj/Air       68%        1d7       2%          1
 Summon Small Mammal      Summ           68%        N/A       2%          1
 Leda's Liquefaction      Hex/Erth       25%        N/A       2%          4
 Blink                    Tloc           34%        N/A       4%          2
 Scorch                   Fire           34%        2d6       4%          2
 Searing Ray              Conj           34%        2d5       4%          2
 Static Discharge         Conj/Air       17%        3-6/arc   4%          2
 Sublimation of Blood     Necr           17%        N/A       4%          2
 Alistair's Intoxication  Tmut/Pois      34%        N/A       6%          5
 Borgnjor's Vile Clutch   Necr/Erth      25%        N/A       6%          5
 Yara's Violent Unravell  Hex/Tmut       25%        3d11      6%          5
 Call Canine Familiar     Summ           17%        N/A       8%          3
 Confusing Touch          Hex            17%        N/A       8%          3
 Conjure Flame            Conj/Fire      17%        6-21      8%          3
 Dazzling Flash           Conj/Hex       34%        N/A       8%          3
 Inner Flame              Hex/Fire       17%        N/A       8%          3
 Portal Projectile        Hex/Tloc       34%        N/A       8%          3
 Swiftness                Air            17%        N/A       8%          3
 Vampiric Draining        Necr           17%        2d7       8%          3
 Airstrike                Air            8%         0-4+      26%         4
 Anguish                  Hex/Necr       8%         N/A       26%         4
 Dispel Undead            Necr           17%        3d10      26%         4
 Flame Wave               Conj/Fire      17%        2d7       26%         4
 Fulminant Prism          Conj/Hex       8%         3d7       26%         4
 Iskenderun's Mystic Bla  Conj/Tloc      17%        2d5       26%         4
 Olgreb's Toxic Radiance  Pois           17%        N/A       26%         4
 Passage of Golubria      Tloc           17%        N/A       26%         4
 Sticky Flame             Conj/Fire      17%        2d4       26%         4
 Eringya's Noxious Bog    Tmut/Pois      25%        N/A       32%         6
 Agony                    Necr           17%        N/A       54%         5
 Fireball                 Conj/Fire      8%         3d6       54%         5
 Lightning Bolt           Conj/Air       8%         1d21      54%         5
 Manifold Assault         Tloc           17%        N/A       54%         5
 Silence                  Hex/Air        8%         N/A       54%         5
 Summon Forest            Summ/Tloc      8%         N/A       54%         5
 Summon Mana Viper        Hex/Summ       17%        N/A       54%         5
 Storm Form               Tmut/Air       25%        N/A       86%         7
 Polar Vortex             Ice            53%        N/A       95%         9
 Conjure Ball Lightning   Conj/Air       8%         3x3d6     98%         6
 Death Channel            Necr           8%         N/A       98%         6
 Starburst                Conj/Fire      8%         6d4       98%         6
 Summon Cactus Giant      Summ           8%         N/A       98%         6
 Enfeeble                 Hex            8%         N/A       100%        7
 Summon Hydra             Summ           8%         N/A       100%        7
 Discord                  Hex            8%         N/A       100%        8
 Disjunction              Tloc           8%         N/A       100%        8
 Ignition                 Fire           8%         3d5       100%        8
 Lehudib's Crystal Spear  Conj/Erth      25%        10d7      100%        8
 Maxwell's Capacitive Co  Air            8%         ∞         100%        8
 Necromutation            Tmut/Necr      25%        N/A       100%        8
 Chain Lightning          Conj/Air       8%         3d11      100%        9
 Fire Storm               Conj/Fire      8%         8d2       100%        9
 Shatter                  Erth           36%        3d29*     100%        9
 Animate Armour           Summ/Erth      Unusable   N/A       N/A         4
 Simulacrum               Ice/Necr       Unusable   N/A       N/A         6
 Animate Dead             Necr           Unusable   N/A       N/A         4

Dungeon Overview and Level Annotations

Branches:
Dungeon (15/15)            Temple (1/1) D:7            Lair (5/5) D:8
  Swamp (4/4) Lair:3       Spider (4/4) Lair:2        Slime (5/5) Lair:5
    Orc (2/2) D:12            Elf (3/3) Orc:2        Vaults (5/5) D:14
  Crypt (0/3) Vaults:3     Depths (4/4) D:15            Zot (5/5) Depths:4
 Bailey (visited)           IceCv (visited)         Volcano (visited)

Altars:
Ashenzari
Cheibriados
Dithmenos
Elyvilon
Fedhas
Gozag
Hepliaklqana
Kikubaaqudgha
Makhleb
Nemelex Xobeh
Okawaru
Qazlal
Ru
Sif Muna
Trog
Uskayaw
Vehumet
Wu Jian
Xom
Yredelemnul
Zin
The Shining One
Jiyva

Shops:
D:1 (   D:7 *   D:9 [?   Orc:2 ([=([**=   Elf:2 ?   Elf:3 *(   Lair:1 *
Lair:3 :   Vaults:4 *   Depths:2 *=[[

Portals:
Hell: Depths:4
Abyss: Depths:1 Depths:3

Annotations:
D:9 Psyche
D:11 exclusions: orange crystal statue and two-headed ogre
D:14 exclusions: 2 death knights and 3 phantasmal warriors
Lair:1 Gastronok
Lair:4 exclusions: 2 hydras and oklob plant
Elf:3 6 transporters
Zot:1 1 exclusion


Innate Abilities, Weirdness & Mutations

You are a living statue of rough stone.
Your actions are slow, but your melee attacks are powerful.
You are resistant to unholy torment.
Your maximum health is greatly increased.
You are immune to poison.
You cannot wear most types of armour.
You are amphibious.
You can wear up to eight rings at the same time.
Your skin changes colour to match your surroundings (Stealth+).
((Your rubbery body absorbs attacks. (AC +1, EV +1)))
((You are camouflaged when in or above water. (Stealth+)))
You have tentacles for arms and can constrict up to eight enemies at once.
You are very clumsy. (Dex -4)
You are frail. (-10% HP)
You are very weak. (Str -4)


Message History

(D) Dungeon (T) Temple (L) Lair (S) Swamp (N) Spider Nest (M) Slime Pits (O) Orcish Mines (E) Elven Halls (V) Vaults (C) Crypt (U) Depths (H) Hell (Z) Zot
Where to? (Enter - D:1 @ (x,y), ? - help)
You now have 8078 gold pieces (gained 22).
Magic restored.
A cacodemon comes into view.
The cacodemon moves out of view.
Aiming: Dig
Press: ? - help, Shift-Dir - straight line A rock wall.
This square is covered in magical glow.
The rock shatters into small pieces.
A sixfirhy comes into view.
You hear a grinding noise.
The sixfirhy is distracted by your dazzling golden aura.
You hear a grinding noise.
The sixfirhy is no longer distracted by gold.
You block the sixfirhy's attack. x2; The sixfirhy closely misses you.
The sixfirhy is distracted by your dazzling golden aura.
The sixfirhy is no longer distracted by gold.
The cacodemon gestures at the rock wall.
You hear a grinding noise.
The sixfirhy is distracted by your dazzling golden aura.
Some rock shatters into small pieces.
You see here a +0 leather armour.
The sixfirhy is no longer distracted by gold.
You block the sixfirhy's attack. The sixfirhy attacks as you move away!
You block the sixfirhy's attack.
The sixfirhy hits you but does no damage.
You block the sixfirhy's attack. x3; The sixfirhy misses you.
The sixfirhy attacks as you move away! You block the sixfirhy's attack.
You hear a grinding noise.
You block the sixfirhy's attack. x2
The sixfirhy attacks as you move away! You block the sixfirhy's attack. x4
You hear a grinding noise.
There is a staircase leading out of the dungeon here.
You block the sixfirhy's attack. x3; The sixfirhy completely misses you.
You have escaped!

.P..#...............######..#....
...P#..............######.#......
P..#........#########.[.......#..
PPP#........# ##..............
.PP##.###..## ##..##.#...#.....
P##.#.# #..## #..##.##.....##..
P#..#.###...# ##.##.# #....###..
#...........####3.###.##...####..
....#.......#...8..2.###.....###.
##..#.......####.##.###...#...##.
##..#.......# #...###...##.#.##.
............# #........###...#..
............## ####...### ##.##..
......##.....# ##### #.#...
......##.....########### #.#...
...[...................# #.....
..............###.####.# ###....


You could see a cacodemon and a sixfirhy.

Vanquished Creatures
  the Royal Jelly (Slime:5)
  A dread lich (Vaults:5)
  An orb of fire (Zot:1)
  An ancient lich (Vaults:5)
  A pandemonium lord (D:5)
  Margery (Vaults:3)
  A Killer Klown (Zot:1)
  2 curse toes
  Xtahua (Depths:4)
  5 golden dragons
  Nikola (Swamp:4)
  3 bone dragons
  An electric golem (Zot:1)
  A Tzitzimitl (D:5)
  A hellephant (D:1)
  9 tentacled monstrosities
  2 liches
  Zenata (Vaults:1)
  3 deep elf blademasters (Elf:3)
  7 Orb Guardians
  5 quicksilver dragons
  4 titans
  A Hell Sentinel (Depths:1)
  18 acid blobs
  A deep elf master archer (Elf:3)
  The ghost of Emey the Earth Mage, an adept SpVM of Vehumet (Vaults:4)
  Asterion (Vaults:3)
  3 death cobs
  4 sphinxes
  2 thorn hunters
  3 tentacled starspawn
  Kirke (Elf:1)
  4 tengu reavers
  Roxanne (D:15)
  3 shadow dragons (Vaults:5)
  3 draconian monks
  10 storm dragons
  7 fire giants
  A daeva (Abyss:2)
  2 frost giants
  2 fenstrider witches (Swamp:4)
  5 deep elf sorcerers (Elf:3)
  2 iron dragons (Vaults:5)
  12 rockslimes
  6 azure jellies
  21 vault wardens
  A cacodemon (Zot:5)
  7 emperor scorpions
  2 draconian scorchers
  3 draconian knights
  3 orc warlords
  7 ghost moths
  Aizul (Swamp:2)
  21 ironbound preservers
  2 deep elf elementalists (Elf:3)
  Louise (Depths:3)
  3 draconian stormcallers
  A spriggan defender (Depths:3)
  A draconian shifter (Zot:1)
  2 broodmothers (Spider:3)
  A reaper (D:5)
  13 very ugly things
  10 stone giants
  9 quicksilver oozes
  6 ironbound thunderhulks
  4 black draconians
  10 deep elf demonologists
  6 deep elf annihilators
  9 green draconians
  A lorocyproca (Depths:1)
  7 eleionomae
  7 bunyips
  5 yellow draconians
  9 spark wasps
  9 red draconians
  6 entropy weavers
  12 dire elephants
  A white draconian (Zot:5)
  4 purple draconians (Zot:1)
  A crystal guardian (Vaults:3)
  5 deep elf death magi (Elf:3)
  6 ettins
  8 fire dragons
  6 great orbs of eyes
  Fannar (D:12)
  Josephine (D:15)
  A rakshasa (Abyss:2)
  13 yaktaur captains
  The ghost of dang3rdave the Grappler, a journeyman GrTm of Uskayaw (Orc:2)
  8 deep elf high priests
  Harold (D:9)
  9 boulder beetles
  24 hydras
  2 ogre magi
  A ghost crab (Swamp:1)
  3 spriggan air magi
  A caustic shrike simulacrum (IceCv)
  3 ice dragons
  2 jorogumos
  39 vault guards
  A juggernaut simulacrum (Abyss:3)
  2 peacekeepers
  8 two-headed ogres
  A deep troll shaman (Depths:3)
  16 centaur warriors
  3 radroaches (Spider:3)
  11 ironbound frosthearts
  A catoblepas (D:14)
  8 alligators
  5 death yaks (Lair:3)
  6 hell hogs
  2 vampire magi (Depths:1)
  25 dancing weapons
  7 tengu warriors
  Urug (Lair:3)
  A deep troll earth mage (Vaults:5)
  5 thrashing horrors
  3 wretched stars
  2 orc high priests (Orc:2)
  2 spriggan berserkers (Depths:3)
  21 deep elf knights
  11 hell knights
  A sun demon (Abyss:3)
  A sun moth (Spider:4)
  5 pharaoh ants
  40 deep trolls
  3 sixfirhies (Abyss:3)
  3 goliath frogs
  2 bog bodies
  2 spriggan druids
  A death drake (Swamp:3)
  13 swamp dragons
  12 orc knights
  2 glowing orange brains
  13 lindwurms
  6 deep elf archers
  A tengu zombie (Vaults:3)
  Pikel (D:6)
  6 wizards
  10 ironbound convokers
  32 deep elf zephyrmancers
  8 steelbarb worms
  15 orb spiders
  28 deep elf pyromancers
  5 necromancers
  A shadow dragon zombie (Vaults:3)
  2 orc sorcerers (Orc:2)
  15 harpies
  2 cyclopes
  35 wolf spiders
  2 oklob plants (Spider:3)
  3 shining eyes
  25 ugly things
  4 will-o-the-wisps
  17 moths of wrath
  2 worldbinders
  A rust devil (Abyss:2)
  18 elephants
  29 vault sentinels
  A molten gargoyle (Volcano)
  6 torpor snails
  2 black mambas
  A guardian serpent (shapeshifter) (D:15)
  9 large abominations
  3 gargoyles
  An orange demon (D:5)
  2 smoke demons
  13 cane toads
  2 unseen horrors
  10 demonic crawlers
  5 rime drakes
  3 kobold demonologists (D:14)
  2 unseen horrors (shapeshifter)
  4 tengu conjurers
  An ice devil (Abyss:3)
  An efreet (D:15)
  A komodo dragon (shapeshifter) (Vaults:5)
  37 yaktaurs
  8 komodo dragons
  9 freezing wraiths
  A bloated husk (Swamp:3)
  A hellwing (Abyss:3)
  A hydra zombie (Abyss:2)
  4 anaconda simulacra (IceCv)
  6 ancient zymes
  A merfolk (shapeshifter) (Depths:2)
  4 meliai
  35 tarantellas
  9 trolls
  7 hornets
  3 polar bears
  A tengu simulacrum (Vaults:3)
  A hornet (shapeshifter) (Vaults:4)
  45 slime creatures
  15 tyrant leeches
  4 raiju (Abyss:1)
  25 blink frogs
  9 dream sheep
  A blink frog (shapeshifter) (Elf:2)
  38 jumping spiders
  An ettin skeleton (Vaults:3)
  3 flying skulls (Abyss:2)
  25 culicivoras
  2 spriggans (shapeshifter)
  9 spriggans
  Sigmund (D:3)
  A dire elephant simulacrum (IceCv)
  5 air elementals
  A vampire (Abyss:2)
  7 starcursed masses
  23 yaks
  6 ynoxinuls
  5 water elementals
  5 wraiths
  10 wyverns
  A hog (shapeshifter) (Abyss:2)
  2 basilisks
  2 fire bats (Volcano)
  A golden eye (shapeshifter) (Vaults:5)
  A steam dragon (D:7)
  3 neqoxecs
  4 fire elementals
  6 golden eyes
  7 vampire mosquitoes
  Eustachio (D:5)
  A chaos spawn (Abyss:2)
  52 redbacks
  4 hogs (Elf:1)
  A redback (shapeshifter) (Vaults:5)
  7 wargs
  14 swamp worms
  5 acid dragons
  11 water moccasins
  2 hell hounds (Abyss:3)
  A hydra simulacrum (IceCv)
  A floating eye (Slime:5)
  53 orc warriors
  3 ice beasts
  4 black bears
  4 swamp drakes
  An alligator simulacrum (IceCv)
  3 ettin simulacra (IceCv)
  3 sky beasts (D:7)
  14 ogres
  3 boggarts (Vaults:2)
  23 centaurs
  12 small abominations
  2 lemures (D:6)
  4 phantoms
  3 kobold brigands
  19 bullfrogs
  A gnoll sergeant (D:7)
  2 earth elementals
  A necrophage (D:6)
  3 scorpions (D:5)
  5 wights (D:7)
  10 killer bees
  3 lindwurm simulacra (IceCv)
  6 electric eels
  6 jellies
  A human simulacrum (Vaults:3)
  3 howler monkeys
  2 lava snakes (Volcano)
  8 hounds
  A quasit (Abyss:3)
  28 orc priests
  10 hell rats
  6 iguanas
  24 orc wizards
  Robin (D:2)
  3 gnolls (Orc:2)
  15 adders
  8 white imps
  An ufetubus (D:5)
  4 dart slugs
  140 orcs
  2 endoplasms
  A giant cockroach (D:3)
  22 goblins
  15 hobgoblins
  3 quokkas
  4 ball pythons
  2 bats
  A frilled lizard (D:2)
  20 kobolds
  3 rats
  13 briar patches (Swamp:4)
  A lurking horror (Abyss:3)
  A starspawn tentacle (Abyss:2)
2089 creatures vanquished.

Vanquished Creatures (collateral kills)
  An electric golem (Zot:5)
  7 Orb Guardians (Zot:5)
  A draconian scorcher (Zot:5)
  A white draconian (Zot:5)
  A green death (Zot:1)
  An orc sorcerer (Orc:1)
  A moth of wrath (Zot:5)
  A tormentor (Zot:5)
  3 meliai (D:10)
17 creatures vanquished.

Vanquished Creatures (others)
  An orb of fire (Zot:5)
  A Killer Klown (Zot:5)
  A golden dragon (Zot:5)
  A tentacled monstrosity (Zot:5)
  8 Orb Guardians (Zot:5)
  A thorn hunter (Swamp:4)
  A red draconian (Zot:5)
  A hydra (Swamp:4)
  A shadow demon (Zot:5)
  2 swamp dragons (Swamp:4)
  3 deep elf zephyrmancers
  A moth of wrath (Zot:5)
  2 bloated husks (Swamp:4)
  A ynoxinul (Abyss:3)
  3 swamp drakes (Swamp:4)
  A boggart (Vaults:2)
  An ufetubus (Abyss:3)
  8 foxfires
  15 fungi
  94 plants
  8 starspawn tentacles
155 creatures vanquished.

Grand Total: 2261 creatures vanquished

Notes
Turn   | Place    | Note
-------+----------+-------------------------------------------
     0 | D:1      | freelancePsychic the Octopode Wanderer began the quest for
                  | the Orb.
     0 | D:1      | freelancePsychic set off with the following items: a +2
                  | spear, a scroll of teleportation {@r4}, a +0 hat, a potion
                  | of attraction.
     0 | D:1      | Reached XP level 1. HP: 14/14 MP: 1/1
   167 | D:1      | Found a faded altar of an unknown god.
   467 | D:1      | Found Liujik's Weapon Emporium.
   722 | D:1      | Reached XP level 2. HP: 19/19 MP: 2/2
  1061 | D:2      | Noticed Robin
  1478 | D:2      | Reached skill level 1 in Short Blades
  1478 | D:2      | Reached XP level 3. HP: 25/25 MP: 3/3
  1862 | D:2      | Killed Robin
  1863 | D:2      | Reached XP level 4. HP: 25/30 MP: 4/4
  2674 | D:3      | Noticed Sigmund
  2786 | D:3      | Found a glowing golden altar of the Shining One.
  3009 | D:3      | Identified the ring "Caynwuc" {rF+ Int+6 Stlth+}
  3116 | D:3      | Reached skill level 1 in Long Blades
  3239 | D:4      | Found a bloodstained altar of Trog.
  3263 | D:4      | Reached XP level 5. HP: 36/36 MP: 5/5
  3315 | D:4      | Noticed a black bear
  3317 | D:4      | Reached skill level 3 in Fighting
  3351 | D:5      | Entered Level 5 of the Dungeon
  3591 | D:5      | Reached skill level 1 in Dodging
  3687 | D:4      | Found a burning altar of Makhleb.
  4064 | D:4      | Reached XP level 6. HP: 34/42 MP: 6/6
  4851 | D:4      | Reached XP level 7. HP: 45/47 MP: 7/7
  5238 | D:5      | Found a shimmering blue altar of Sif Muna.
  5245 | D:5      | Found an iron altar of Okawaru.
  5254 | D:5      | Reached skill level 4 in Fighting
  5254 | D:5      | Found a sparkling altar of Nemelex Xobeh.
  5254 | D:5      | Found an opulent altar of Gozag.
  5260 | D:5      | Found a radiant altar of Vehumet.
  5262 | D:5      | Became a worshipper of Gozag Ym Sagoz the Greedy
  5536 | D:5      | Noticed Eustachio
  5541 | D:5      | Killed Eustachio
  5626 | D:5      | Reached XP level 8. HP: 23/54 MP: 8/8
  5831 | D:5      | Reached skill level 5 in Long Blades
  5860 | D:5      | Reached skill level 5 in Dodging
  6790 | D:6      | Reached skill level 5 in Fighting
  6847 | D:5      | Learned a level 3 spell: Ozocubu's Armour
  7150 | D:5      | Identified a scroll of acquirement
  7150 | D:5      | Acquired a manual of Long Blades
  7337 | D:4      | Found a glowing silver altar of Zin.
  7409 | D:4      | Reached skill level 1 in Ice Magic
  7570 | D:6      | Noticed Pikel
  7779 | D:6      | Reached XP level 9. HP: 57/61 MP: 10/10
  7866 | D:6      | Reached skill level 1 in Spellcasting
  8061 | D:7      | Found a staircase to the Ecumenical Temple.
  8649 | D:7      | Found Feutey's Assorted Antiques.
  8784 | D:7      | Found a hazy altar of Hepliaklqana.
  8806 | D:7      | Identified the ring of Secrets {rCorr AC+4}
  8834 | Temple   | Entered the Ecumenical Temple
  9512 | D:6      | Killed Pikel
 10240 | D:3      | Killed Sigmund
 10241 | D:3      | Reached skill level 6 in Fighting
 10241 | D:3      | Reached XP level 10. HP: 62/68 MP: 11/13
 10952 | D:7      | Reached skill level 10 in Long Blades
 11268 | D:1      | Bought the +8 demon blade "Leech" {vamp, Harm Drain rN+}
                  | for 996 gold pieces
 11268 | D:1      | Found the +8 demon blade "Leech" {vamp, Harm Drain rN+}
 11512 | D:7      | Found an ancient bone altar of Kikubaaqudgha.
 11616 | D:7      | Reached skill level 7 in Fighting
 11901 | D:8      | Found a staircase to the Lair.
 12087 | D:8      | Found a hide-covered altar of Uskayaw.
 12088 | D:8      | Found a sacrificial altar of Ru.
 12757 | D:9      | Reached skill level 8 in Fighting
 12837 | D:9      | Noticed Psyche
 13130 | D:9      | Found a shimmering altar of Xom.
 13130 | D:9      | Noticed Harold
 13162 | D:9      | Found Uhikh's Magic Scroll Shoppe.
 13172 | D:9      | Found Yntanal's Antique Armour Shop.
 13249 | D:9      | Reached XP level 11. HP: 78/78 MP: 14/14
 13571 | D:10     | Entered Level 10 of the Dungeon
 13603 | D:10     | Found a flagged portal.
 13627 | Bailey   | Entered a bailey
 14070 | Bailey   | Reached skill level 9 in Fighting
 15572 | D:9      | Killed Harold
 15632 | D:9      | Bought a scroll of acquirement for 884 gold pieces
 15632 | D:9      | Acquired a ring of protection from fire
 16333 | D:10     | Reached skill level 10 in Fighting
 16772 | D:10     | Reached skill level 5 in Stealth
 17148 | D:11     | Learned a level 3 spell: Frozen Ramparts
 17240 | D:11     | Found a blossoming altar of Fedhas.
 17240 | D:11     | Noticed a boulder beetle
 17346 | D:11     | Noticed an orange crystal statue
 17691 | D:11     | Noticed a five-headed hydra
 17697 | D:11     | Killed a five-headed hydra
 17698 | D:11     | Reached XP level 12. HP: 72/89 MP: 11/15
 17795 | D:11     | Reached skill level 11 in Fighting
 17795 | D:11     | Reached skill level 5 in Ice Magic
 17992 | D:11     | Noticed a two-headed ogre
 18170 | Lair:1   | Entered Level 1 of the Lair of Beasts
 18348 | Lair:1   | Found a shadowy altar of Dithmenos.
 18431 | Lair:1   | Reached skill level 1 in Shields
 18831 | Lair:1   | Noticed Gastronok
 19139 | Lair:1   | Bought a fizzy puce potion for 26 gold pieces
 19468 | Lair:2   | Noticed a five-headed hydra
 19622 | Lair:2   | Found a hole to the Spider Nest.
 19681 | Lair:2   | Found an ornate altar of the Wu Jian Council.
 19681 | Lair:2   | Noticed a boulder beetle
 19716 | Lair:2   | Reached skill level 5 in Shields
 19741 | Lair:2   | Noticed a six-headed hydra
 19805 | Lair:2   | Found a hide-covered altar of Uskayaw.
 20097 | Lair:3   | Noticed a four-headed hydra
 20115 | Lair:3   | Reached skill level 12 in Fighting
 20115 | Lair:3   | Reached XP level 13. HP: 79/97 MP: 16/16
 20553 | Lair:3   | Noticed Urug
 20567 | Lair:3   | Killed Urug
 20792 | Lair:3   | Learned a level 7 spell: Ozocubu's Refrigeration
 20935 | Lair:3   | Reached skill level 10 in Ice Magic
 21404 | Lair:3   | Found a staircase to the Swamp.
 21830 | Lair:4   | Found a dark tunnel.
 21835 | Volcano  | Entered a volcano
 22208 | Volcano  | Found a bloodstained altar of Trog.
 22220 | Volcano  | Reached skill level 13 in Fighting
 23581 | Lair:4   | Reached XP level 14. HP: 106/106 MP: 17/17
 24010 | Lair:5   | Entered Level 5 of the Lair of Beasts
 24803 | Lair:5   | Found a viscous altar of Jiyva.
 24803 | Lair:5   | Found a staircase to the Slime Pits.
 25229 | Lair:5   | Reached skill level 14 in Fighting
 26836 | D:12     | Identified the +2 robe of the Poles {*Slow rF+ rCorr}
 26858 | D:12     | Found a staircase to the Orcish Mines.
 27054 | D:12     | Noticed Fannar
 27061 | D:12     | Killed Fannar
 27688 | Orc:1    | Entered Level 1 of the Orcish Mines
 27848 | Orc:1    | Reached XP level 15. HP: 114/114 MP: 22/22
 28064 | Orc:2    | Entered Level 2 of the Orcish Mines
 28066 | Orc:2    | Found Kioschoc's Jewellery Boutique.
 28066 | Orc:2    | Found a runed translucent gate.
 28067 | Orc:2    | Found a runed translucent gate.
 28069 | Orc:2    | Found an opulent altar of Gozag.
 28083 | Orc:2    | Bought a ring of wizardry for 390 gold pieces
 28097 | Orc:2    | Found a staircase to the Elven Halls.
 28119 | Orc:2    | Reached skill level 5 in Spellcasting
 28419 | Orc:2    | Found Ossisuk's Weapon Shoppe.
 28480 | Orc:2    | Found Nuump's Jewellery Shop.
 28486 | Orc:2    | Bought the ring of Temperance {Str+5 Dex+6} for 856 gold
                  | pieces
 28486 | Orc:2    | Bought the amulet "Fyrhahu" {Reflect rC+ Str+7 SH+5} for
                  | 939 gold pieces
 28552 | Orc:2    | Found Ruugg's Armour Boutique.
 28553 | Orc:2    | Found a runed translucent gate.
 28643 | Orc:2    | Found Ekoceb's General Store.
 28700 | Orc:2    | Bought a potion of curing for 36 gold pieces
 28730 | Orc:2    | Noticed dang3rdave's ghost (journeyman GrTm)
 29049 | Orc:2    | Found Uraptim's General Store.
 29146 | Orc:2    | Bought a potion of haste for 110 gold pieces
 29208 | Orc:2    | Noticed an orc warlord
 29212 | Orc:2    | Killed an orc warlord
 29218 | Orc:2    | Found Zohun's Antique Weapon Emporium.
 29221 | Orc:2    | Paralysed by an orc sorcerer for 5 turns
 29851 | Orc:2    | Found Jeoral's Antique Armour Shoppe.
 30086 | Orc:2    | Killed dang3rdave's ghost
 30087 | Orc:2    | Reached skill level 15 in Ice Magic
 31546 | D:13     | Reached skill level 15 in Fighting
 33543 | D:14     | Reached skill level 10 in Shields
 33688 | D:14     | Found a gate to the Vaults.
 33856 | D:14     | Reached XP level 16. HP: 85/122 MP: 11/26
 34244 | D:14     | Reached XP level 17. HP: 127/127 MP: 26/28
 34363 | D:15     | Entered Level 15 of the Dungeon
 34382 | D:15     | Noticed Josephine
 34384 | D:15     | Killed Josephine
 35143 | D:15     | Learned a level 5 spell: Freezing Cloud
 35433 | D:15     | Found a staircase to the Depths.
 35562 | D:15     | Identified Roxanne's Exposition on Transmigration
 35562 | D:15     | Noticed Roxanne
 35687 | D:15     | Killed Roxanne
 35861 | D:15     | Learned a level 6 spell: Statue Form
 36107 | Swamp:1  | Entered Level 1 of the Swamp
 36156 | Swamp:1  | Reached skill level 1 in Transmutations
 36166 | Swamp:1  | Reached skill level 1 in Earth Magic
 37953 | Swamp:2  | Noticed Aizul
 37961 | Swamp:2  | Killed Aizul
 38966 | Swamp:3  | Reached skill level 5 in Transmutations
 38967 | Swamp:3  | Reached skill level 5 in Earth Magic
 39115 | Swamp:3  | HP: 6/127 [poisoned by a death drake (dark miasma)]
 40611 | Swamp:3  | Identified the +9 plate armour of Eternity {rF+}
 40831 | Swamp:4  | Entered Level 4 of the Swamp
 41215 | Swamp:4  | Noticed Nikola
 41233 | Swamp:4  | Reached XP level 18. HP: 134/134 MP: 2/29
 41236 | Swamp:4  | Killed Nikola
 41432 | Swamp:4  | Got a decaying rune of Zot
 42385 | Spider:1 | Entered Level 1 of the Spider Nest
 43351 | Spider:2 | Reached skill level 10 in Transmutations
 43351 | Spider:2 | Reached skill level 10 in Earth Magic
 44279 | Spider:3 | Reached skill level 10 in Dodging
 44644 | Spider:3 | Reached XP level 19. HP: 141/141 MP: 0/32
 45864 | Spider:3 | Reached skill level 10 in Spellcasting
 46023 | Spider:4 | Entered Level 4 of the Spider Nest
 46116 | Spider:4 | Reached skill level 16 in Fighting
 47440 | Spider:4 | Got a gossamer rune of Zot
 48102 | Elf:1    | Entered Level 1 of the Elven Halls
 48129 | Elf:1    | Noticed Kirke
 48138 | Elf:1    | Killed Kirke
 48145 | Elf:1    | Reached skill level 15 in Shields
 48197 | Elf:1    | Found a frozen archway.
 48224 | IceCv    | Entered an ice cave
 48557 | Elf:1    | Got the Codex of Battling
 48869 | Elf:1    | Reached XP level 20. HP: 149/149 MP: 27/34
 49108 | Elf:1    | Paralysed by an air elemental for 1 turns
 49680 | Elf:2    | Identified the +11 rapier of Plunder {flame, rElec rPois
                  | Int+4 Dex-4}
 50349 | Elf:2    | Found a runed translucent gate.
 50349 | Elf:2    | Found a runed translucent gate.
 50356 | Elf:2    | Found a runed translucent gate.
 50437 | Elf:2    | Found Anyam's Magic Scroll Emporium.
 50445 | Elf:2    | Bought a scroll of butterflies for 64 gold pieces
 50474 | Elf:2    | Paralysed by an air elemental for 1 turns
 51195 | Elf:3    | Entered Level 3 of the Elven Halls
 51247 | Elf:3    | Found Zyssunim's Assorted Antiques.
 51304 | Elf:3    | Found a transporter.
 51306 | Elf:3    | Bought a potion of brilliance for 136 gold pieces
 51308 | Elf:3    | Found a transporter.
 51330 | Elf:3    | Found a transporter.
 51339 | Elf:3    | Found a transporter.
 51344 | Elf:3    | Noticed a Tzitzimitl
 51561 | Elf:3    | Found a shimmering blue altar of Sif Muna.
 51575 | Elf:3    | Found Yhouniuho's Weapon Shoppe.
 51595 | Elf:3    | Reached skill level 17 in Fighting
 51705 | Elf:3    | Found a transporter.
 51706 | Elf:3    | Found a transporter.
 51948 | Elf:3    | Paralysed by an air elemental for 1 turns
 52069 | Elf:3    | Reached XP level 21. HP: 156/156 MP: 35/35
 52195 | Elf:3    | Found the +12 glaive of Prune {vorpal}
 52300 | Elf:3    | Got the Reference Book on Rime and Jinxing
 52320 | Elf:3    | Identified the +4 short sword of Napn {protect, rElec
                  | Dex+3}
 53060 | Vaults:1 | Entered Level 1 of the Vaults
 53330 | Vaults:1 | Found the +2 hat of the Bear Spirit {Spirit, *Rage Will++}
 53641 | Vaults:1 | Noticed Zenata
 53649 | Vaults:1 | Killed Zenata
 54588 | Vaults:2 | Reached skill level 18 in Fighting
 55405 | Vaults:2 | Reached XP level 22. HP: 166/166 MP: 38/38
 55810 | Vaults:3 | Noticed Margery
 55817 | Vaults:3 | Killed Margery
 56217 | Vaults:3 | Reached skill level 15 in Dodging
 56355 | Vaults:3 | Reached skill level 19 in Fighting
 56716 | Vaults:3 | Noticed Asterion
 56726 | Vaults:3 | Killed Asterion
 57045 | Vaults:3 | Found a staircase to the Crypt.
 57045 | Vaults:3 | Found an ancient bone altar of Kikubaaqudgha.
 57045 | Vaults:3 | Found a basalt altar of Yredelemnul.
 58242 | Vaults:4 | Found a runed translucent door.
 58280 | Vaults:4 | Found Leal's Assorted Antiques.
 58635 | Vaults:4 | Reached XP level 23. HP: 175/175 MP: 39/39
 58808 | Vaults:4 | Noticed Emey's ghost (adept SpVM)
 58822 | Vaults:4 | Killed Emey's ghost
 58877 | Vaults:5 | Entered Level 5 of the Vaults
 58887 | Vaults:5 | Noticed a golden dragon
 58895 | Vaults:5 | Killed a golden dragon
 59012 | Vaults:5 | Got a silver rune of Zot
 59083 | Vaults:5 | Reached skill level 20 in Fighting
 59206 | Vaults:5 | Got the Textbook on Flamy Malediction
 59288 | Vaults:5 | Noticed an ancient lich
 59304 | Vaults:5 | Identified the +8 quarterstaff of the Pharaoh's Fist {elec,
                  | rF+ rCorr}
 59313 | Vaults:5 | Noticed a golden dragon
 59324 | Vaults:5 | Killed a golden dragon
 59359 | Vaults:5 | Killed an ancient lich
 59685 | Vaults:5 | Identified the +3 hand axe "Tattoef" {venom, *Slow rElec
                  | Dex+4 SInv}
 59719 | Vaults:5 | Identified the +0 cloak of Inevitability {Dex+5}
 59973 | Vaults:5 | Identified the +10 morningstar "Beetlebane" {vamp, rN++
                  | Will- Int+5}
 60044 | Vaults:5 | Reached skill level 21 in Fighting
 60142 | Vaults:5 | Noticed a dread lich
 60151 | Vaults:5 | Paralysed by something for 4 turns
 60160 | Vaults:5 | Paralysed by something for 2 turns
 60162 | Vaults:5 | Killed a dread lich
 60163 | Vaults:5 | Reached XP level 24. HP: 187/187 MP: 38/39
 60951 | Slime:1  | Entered Level 1 of the Pits of Slime
 61019 | Slime:3  | Gained mutation: You have hidden genetic defects. [a
                  | shining eye]
 61037 | Slime:2  | Lost mutation: You have hidden genetic defects. [potion of
                  | mutation]
 61037 | Slime:2  | Gained mutation: Your body sometimes deteriorates upon
                  | taking damage. [potion of mutation]
 61037 | Slime:2  | Gained mutation: You are frail. (-10% HP) [potion of
                  | mutation]
 61037 | Slime:2  | Gained mutation: You passively map a small area around you.
                  | [potion of mutation]
 61038 | Slime:2  | Lost mutation: You passively map a small area around you.
                  | [potion of mutation]
 61038 | Slime:2  | Lost mutation: You are frail. (-10% HP) [potion of
                  | mutation]
 61038 | Slime:2  | Lost mutation: Your body sometimes deteriorates upon taking
                  | damage. [potion of mutation]
 61038 | Slime:2  | Gained mutation: You are clumsy. (Dex -2) [potion of
                  | mutation]
 61038 | Slime:2  | Gained mutation: You possess an exceptional clarity of
                  | mind. [potion of mutation]
 61210 | Slime:4  | Reached skill level 10 in Stealth
 61366 | Slime:5  | Entered Level 5 of the Pits of Slime
 61838 | Slime:5  | Noticed the Royal Jelly
 61846 | Slime:5  | Killed the Royal Jelly
 62052 | Slime:5  | Identified the ring "Waxen" {Fly rF- SInv Stlth+}
 62216 | Slime:5  | Identified the +10 shortbow of the Crawling Thing {flame,
                  | rElec rC+ MP+9 SInv}
 62237 | Slime:5  | Got a slimy rune of Zot
 62248 | Slime:5  | Identified the +2 robe of the Game of Kings {Rampage +Blink
                  | MP-9}
 62659 | Depths:1 | Entered Level 1 of the Depths
 62817 | Depths:1 | Reached skill level 15 in Stealth
 62859 | Depths:1 | Found a one-way gate to the infinite horrors of the Abyss.
 62929 | Depths:1 | Voluntarily entered the Abyss.
 63684 | Depths:1 | Escaped the Abyss
 63774 | Depths:2 | Found Icoomox's Jewellery Shoppe.
 63777 | Depths:2 | Found Huquexu's Armour Emporium.
 63777 | Depths:2 | Found Wilu's Assorted Antiques.
 63782 | Depths:2 | Found Ubidueges's Armour Emporium.
 63867 | Depths:3 | Noticed Louise
 63965 | Depths:3 | Killed Louise
 64156 | Depths:3 | Reached skill level 22 in Fighting
 64156 | Depths:3 | Reached XP level 25. HP: 195/195 MP: 39/39
 64162 | Abyss:2  | Cast into level 2 of the Abyss (a wizard)
 64180 | Abyss:3  | Found a corrupted altar of Lugonu.
 64525 | Depths:3 | Escaped the Abyss
 64889 | Depths:4 | Entered Level 4 of the Depths
 64956 | Depths:4 | Found a gateway to Hell.
 65050 | Depths:4 | Noticed Xtahua
 65057 | Depths:4 | Killed Xtahua
 65133 | Depths:4 | Found a gate to the Realm of Zot.
 65140 | Zot:1    | Entered Level 1 of the Realm of Zot
 65757 | Zot:1    | Noticed a Killer Klown
 65771 | Zot:1    | Killed a Killer Klown
 65780 | Zot:1    | Reached skill level 23 in Fighting
 65864 | Zot:1    | Noticed an orb of fire
 65869 | Zot:1    | Gained mutation: You are weak. (Str -2) [an orb of fire]
 65871 | Zot:1    | Gained mutation: You are very clumsy. (Dex -4) [an orb of
                  | fire]
 65873 | Zot:1    | Killed an orb of fire
 66059 | Zot:3    | Gained mutation: You are very weak. (Str -4) [mutagenic
                  | glow]
 66067 | Zot:3    | Lost mutation: You possess an exceptional clarity of mind.
                  | [mutagenic glow]
 66073 | Zot:3    | Gained mutation: You are frail. (-10% HP) [mutagenic glow]
 66375 | Zot:5    | Entered Level 5 of the Realm of Zot
 66811 | Zot:5    | Noticed an ancient lich
 66812 | Zot:5    | Noticed an orb of fire
 66814 | Zot:5    | Noticed an orb of fire
 66818 | Zot:5    | Noticed an orb of fire
 66819 | Zot:5    | Noticed a Killer Klown
 66821 | Zot:5    | Noticed an orb of fire
 66827 | Zot:5    | Reached XP level 26. HP: 185/185 MP: 36/39
 66836 | Zot:5    | Killed an orb of fire
 66856 | Zot:5    | Got the Orb of Zot
 66897 | Zot:5    | Killed a Killer Klown
 67221 | Depths:3 | Noticed a seraph
 67221 | Depths:3 | Identified the +0 tower shield of the Turtle {rElec}
 67354 | D:13     | Noticed Kenkesas the pandemonium lord
 67527 | D:5      | Noticed Corchohu the pandemonium lord
 67557 | D:5      | Killed Corchohu the pandemonium lord
 67562 | D:5      | Reached skill level 24 in Fighting
 67683 | D:$      | Escaped with the Orb!

Illustrated notes

Levels and vault maps discovered:
D:1:      dpeg_arrival_round_b, layout_basic, serial_shops,
          nicolae_diamond_shop, shapermc_ecumenical_altar_gd
D:2:      minmay_angry_zag, layout_basic, uniq_robin, uniq_crazy_yiuf_cottage
D:3:      corexii_shack_village, layout_loops_ring,
          mainiacjoe_overflow_six_doors_small, uniq_sigmund
D:4:      layout_gridville, lemuel_crystal_altar, general_overflow_altar,
          zin_statuary, minmay_misc_feat_nine_boxes, minmay_manual_monolith
D:5:      cheibrodos_barr_body, layout_basic,
          nicolae_overflow_hallway_of_the_gods, uniq_eustachio
D:6:      layout_basic, grunt_decor_arrowhead, kennysheep_nub,
          kennysheep_generic_room_3, uniq_pikel
D:7:      layout_rooms, kennysheep_little_box,
          worldfamousw_hep_ancestral_shrine, minmay_temple_entry_grid,
          serial_shops, nicolae_shop_stone, nzn_random_ring
D:8:      layout_basic, gammafunk_temple_overflow_pools,
          erik_lair_orcish_takeover
D:9:      layout_stronghold, mainiacjoe_overflow_catwalk,
          nicolae_wooded_promenade, uniq_harold, uniq_psyche
D:10:     layout_loops_cross, enter_bailey_5, minmay_diced_spiral
D:11:     minmay_separated_statues, layout_loops_corners, fedhas_altar_2
D:12:     layout_loops_ring, david_orc_5, serial_glass, glass_columns_b,
          glass_columns_a, feat_on_display, uniq_fannar
D:13:     layout_basic
D:14:     layout_gridville, grunt_vaults_entry_fortified,
          hangedman_decor_slide_cut
D:15:     grunt_enter_depths_hoard, layout_loops_corners, serial_park_square2,
          uniq_josephine, uniq_roxanne
Temple:   hellmonk_temple_two_chambers
Lair:1:   wad_woods_stonehenge, layout_gridlike, uniq_gastronok
Lair:2:   layout_hall_layers, hellmonk_spider_entry_not_the_bees,
          nzn_masters_of_martial_movement
Lair:3:   layout_cave_pods, palyth_hydra_swamp_entry, serial_bayou_lake_a,
          uniq_urug
Lair:4:   layout_misc_corridors, enter_volcano_1, grunt_megastairs_5,
          lemuel_fruit_fields
Lair:5:   minmay_lair_end_frog_pond, layout_cave_pods, slime_entry_1
Swamp:1:  layout_basic_swamp, serial_swamp_ruin, evilmike_swamp_ruin_house_2,
          hangedman_swamp_ruin_wall, evilmike_swamp_ruin_rubble_1, swamp_pool2,
          infiniplex_staircase_pool
Swamp:2:  layout_basic_swamp, nicolae_swamp_trees_clearing, uniq_aizul
Swamp:3:  layout_basic_swamp, nicolae_swamp_bean_lake, swamp_pool1,
          nicolae_swamp_alligator_family
Swamp:4:  swamp_alternative, layout_basic_swamp, swamp_pool1,
          nicolae_swamp_bunyip_nook, uniq_nikola
Spider:1: layout_spider_delve
Spider:2: layout_spider_delve, nicolae_spider_orb_run
Spider:3: spider_temple_joshua, nicolae_spider_bug_shape
Spider:4: grunt_spider_rune_circles
Slime:1:  layout_caves
Slime:2:  nicolae_slime_jelly_donut, layout_caves
Slime:3:  layout_caves
Slime:4:  layout_caves
Slime:5
Orc:1:    layout_caves, uniq_sonja
Orc:2:    grunt_orc_community_town_hall, layout_caves,
          grunt_orc_community_big_house_1, grunt_orc_community_big_house_2,
          grunt_orc_community_house_2, grunt_orc_community_house_2,
          grunt_orc_community_house_1, grunt_orc_community_house_3,
          grunt_orc_community_house_3, serial_shops, nicolae_diamond_shop,
          shop_statue, shop, nicolae_shop_advertising_works
          [nicolae_subvault_shop_adworks], ebering_ghost_gozag
Elf:1:    elf_arrival_002, layout_gridlike, portal_ice_cave_entry_frozen_things,
          minmay_elf_annihilation, uniq_kirke
Elf:2:    nicolae_elf_blades_splatter_lattice
          [nicolae_vaults_blade_armed_guards], layout_loops_cross, serial_shops,
          nicolae_square_shop, grunt_ministairs_4
Elf:3:    minmay_elf_hall_not_hex, layout_geoelf_castle, serial_shops,
          nicolae_diamond_shop, nicolae_shop_overgrown_old_shop, basic_altar,
          serial_nicolae_subway, nicolae_sub_station_metal,
          nicolae_sub_station_crystal, nicolae_sub_station_stone
Vaults:1: ontoclasm_vaults_shuriken, nicolae_vaults_ninety_degrees,
          nicolae_vaults_sealed_display, nicolae_vaults_diagonal_hallway_7,
          nicolae_vaults_quadrants, hangedman_vaults_impose,
          vaults_room_grunt_arrival_ludios, nicolae_vaults_asterisk, v_misc_11,
          v_misc_19, nicolae_vaults_mini_display_case, ontoclasm_vaults_eye,
          ontoclasm_vaults_decontamination, v_misc_25,
          ontoclasm_vaults_loading_screen, layout_vaults_ring, uniq_zenata
Vaults:2: hangedman_vaults_cutoff, v_misc_24, nicolae_vaults_theta,
          vaults_room_guarded_vault, nicolae_vaults_three_branches, v_misc_3,
          hangedman_vaults_stitches, v_misc_8, nicolae_vaults_network_star,
          ontoclasm_vaults_ring_small, v_misc_9, vaults_mumra_lcd,
          ontoclasm_vaults_ligature, hangedman_vaults_impose,
          layout_vaults_omnibox
Vaults:3: ontoclasm_vaults_spin, hangedman_vaults_cutoff, vaults_room_pool,
          nicolae_vaults_ring_of_whatevers, v_misc_16, v_pattern_1, v_misc_29,
          vaults_room_pool, nicolae_vaults_asterisk, v_misc_26,
          minmay_crypt_entry_necro_gods, nicolae_vaults_murderbox,
          grunt_vaults_funnel, layout_vaults_omnigrid, uniq_asterion,
          uniq_margery
Vaults:4: ebering_ghost_reflecting_pool, ontoclasm_vaults_bender, kb_rosetta,
          v_misc_24, v_rooms_6, vaults_mumra_minichess, v_misc_23, v_misc_24,
          hangedman_vaults_trim, vaults_room_pool, vaults_room_fours,
          nicolae_vaults_little_squares_3, layout_vaults_big_cross,
          serial_shops, nicolae_square_shop
Vaults:5: serial_shops
Depths:1: layout_cave_shapes, lightli_too_deep, hangedman_abyss_entry_splay,
          grunt_pan_entry_in_and_out, dreamdust_looks_like_rain
Depths:2: kennysheep_blocky_room, layout_cross, grunt_pan_entry_sceptre,
          pf_hell_entry_great_geh, abyss_entry, skrybe_limestone_x,
          serial_bayou_shore_a, minmay_shoptagon
Depths:3: minmay_octo_star, layout_cave_pools, enter_ziggurat_a,
          nicolae_abyss_entry_one_way_or_another, pan_entry,
          grunt_hell_entry_dis_mu, ashenzari_conservatory_becter,
          minmay_mirror_moons_of_madness
Depths:4: grunt_zot_entry_pinwheel, layout_basic, abyss_entry,
          nicolae_concentric_dashed_squares_mild, hell_entry,
          hangedman_decor_peaks_small, minmay_misc_feat_doors,
          grunt_dithmenos_smoke, uniq_saint_roka, uniq_boris, uniq_xtahua
Zot:1:    grunt_zot_stairs_mandelzot, layout_basic, st_large_dragon_hoard_1
Zot:2:    layout_misc_corridors
Zot:3:    layout_gridville
Zot:4:    layout_onion_interference, uniq_tiamat
Zot:5:    layout_basic

Skill      XL: |  1  2  3  4  5  6  7  8  9 10 11 12 13 14 15 16 17 18 19 20 21 22 23 24 25 26 |
---------------+-------------------------------------------------------------------------------+-----
Stealth        | 3 4 6 7 15 | 15.0
Short Blades   | 1 2 |  2.2
Long Blades    | 1 2 3 4 6 9 12 13 | 13.9
Fighting       | 3 4 5 6 8 10 12 13 14 15 16 17 18 19 21 22 23 24 | 24.0
Dodging        | 1 3 4 6 7 8 9 10 11 12 14 16 17 19 21 | 21.4
Ice Magic      | 1 3 4 8 12 14 15 16 | 16.4
Spellcasting   | 2 4 7 9 10 12 | 12.0
Shields        | 6 10 12 13 15 17 18 20 | 20.0
Transmutations | 7 10 11 12 | 12.0
Earth Magic    | 7 10 11 12 | 12.0
Polearms       | |  3.2
Unarmed Combat | |  2.0
Invocations    | |  1.0

Action                   |  1- 3 |  4- 6 |  7- 9 | 10-12 | 13-15 | 16-18 | 19-21 | 22-24 | 25-27 || total
-------------------------+-------+-------+-------+-------+-------+-------+-------+-------+-------++-------
Melee: Spear             |    20 |       |       |       |       |       |       |       |       ||    20
       Constrict         |     9 |    23 |    66 |    45 |    84 |    64 |   164 |   115 |    63 ||   633
       Dagger            |    37 |    90 |   300 |    68 |       |       |       |       |       ||   495
       Tentacles         |     9 |    14 |    98 |   119 |   139 |   124 |   287 |   381 |   196 ||  1367
       Punch             |       |     2 |     6 |     8 |    19 |     9 |    40 |    44 |    24 ||   152
       Demon blade       |       |       |       |   409 |   595 |   393 |   928 |  1059 |   459 ||  3843
       Unarmed           |       |       |       |       |       |       |       |     1 |       ||     1
Throw: Dart              |     4 |    10 |     5 |     9 |    19 |       |       |       |       ||    47
       Throwing net      |       |       |       |       |       |     1 |       |       |       ||     1
 Cast: Ozocubu's Armour  |       |       |    14 |    45 |    42 |     5 |       |       |       ||   106
       Frozen Ramparts   |       |       |       |    14 |    52 |       |       |       |       ||    66
       Ozocubu's Refrige |       |       |       |       |    52 |    99 |    42 |    62 |    12 ||   267
       Freezing Cloud    |       |       |       |       |       |     5 |       |       |       ||     5
       Statue Form       |       |       |       |       |       |    26 |    72 |    52 |    31 ||   181
Invok: Call Merchant     |       |       |       |     1 |     1 |       |       |       |       ||     2
       Potion Petition   |       |       |       |       |       |     1 |     2 |     1 |     3 ||     7
       Bribe Branch      |       |       |       |       |       |       |       |       |     2 ||     2
Evoke: Wand              |       |    15 |     4 |    17 |    16 |       |     1 |       |     1 ||    54
       Phantom mirror    |       |       |       |       |     1 |       |       |       |       ||     1
  Use: Scroll            |     3 |     7 |     1 |    13 |     7 |     7 |    10 |     6 |     7 ||    61
       Potion            |       |     2 |     6 |     2 |     4 |     2 |     1 |     5 |     3 ||    25
 Stab: Sleeping          |     3 |    10 |    14 |     9 |    30 |     5 |    19 |    12 |     3 ||   105
       Distracted        |     1 |     1 |     1 |     6 |     8 |     5 |    13 |    19 |    10 ||    64
Armor: Skin              |     2 |     5 |    15 |    74 |    92 |   133 |   309 |   227 |   102 ||   959
Dodge: Dodged            |    25 |    46 |   170 |   308 |   235 |   234 |   424 |   507 |   309 ||  2258
Block: Buckler           |       |       |       |    26 |    87 |       |       |       |       ||   113
       Kite shield       |       |       |       |       |    48 |   401 |   454 |       |       ||   903
       Reflection        |       |       |       |       |     6 |     8 |    59 |    66 |     7 ||   146
       Tower shield      |       |       |       |       |       |       |   653 |  1516 |   695 ||  2864

Table legend: (Time is in decaauts)
 A = Elapsed time spent in this place.
 B = Non-inter-level travel time spent in this place.
 C = Inter-level travel time spent in this place.
 D = Time resting spent in this place.
 E = Time spent auto-exploring this place.
 F = Levels seen in this place.
 G = Mean time per level.
                   A        B        C        D        E       F      G
               +--------+--------+--------+--------+--------+-----+--------+
         Total |  71079 |  64921 |   6158 |   3473 |  47693 |  60 | 1184.7 |
       Dungeon |  23784 |  20281 |   3503 |   1523 |  15299 |  15 | 1585.6 |
        Temple |    399 |    394 |      5 |    104 |    248 |   1 |  399.0 |
          Lair |   8145 |   7374 |    771 |    189 |   5764 |   5 | 1629.0 |
         Swamp |   6409 |   6205 |    204 |    740 |   4846 |   4 | 1602.2 |
   Spider Nest |   6403 |   6261 |    142 |    126 |   4832 |   4 | 1600.8 |
    Slime Pits |   1452 |   1337 |    115 |    291 |    730 |   5 |  290.4 |
  Orcish Mines |   2698 |   2547 |    151 |      0 |   2098 |   2 | 1349.0 |
   Elven Halls |   4719 |   4374 |    345 |      0 |   3553 |   3 | 1573.0 |
        Vaults |   8701 |   8335 |    366 |      0 |   6303 |   5 | 1740.2 |
        Depths |   1835 |   1641 |    194 |    273 |    873 |   4 |  458.8 |
           Zot |   2327 |   1969 |    358 |      4 |   1239 |   5 |  465.4 |
         Abyss |   1327 |   1327 |      0 |      0 |    588 |   4 |  331.8 |
        Bailey |   1708 |   1708 |      0 |    206 |    490 |   1 | 1708.0 |
      Ice Cave |    256 |    256 |      0 |      5 |    153 |   1 |  256.0 |
       Volcano |    910 |    910 |      0 |     12 |    671 |   1 |  910.0 |
               +--------+--------+--------+--------+--------+-----+--------+

Top non-repeatable levels by time:
     D:5: 2404 daAuts
   Orc:2: 2320 daAuts
    D:14: 2291 daAuts
  Lair:5: 2232 daAuts
Spider:3: 2135 daAuts
Spider:4: 2104 daAuts
Vaults:3: 2008 daAuts
 Swamp:2: 2003 daAuts
     D:9: 1954 daAuts
  Lair:3: 1891 daAuts
 Swamp:3: 1865 daAuts
   Elf:3: 1812 daAuts
Vaults:1: 1765 daAuts
     D:6: 1760 daAuts
Vaults:5: 1757 daAuts
